 Dungeon Crawl Stone Soup version 0.22-a0-412-g2b68d14 (webtiles) character file.

56 Kairos the Skirmisher (level 3, -1/29 HPs)
             Began as a Mummy Fighter on May 12, 2018.
             Slain by Sigmund
             ... wielding a +0 scythe
              (3 damage)
             ... on level 2 of the Dungeon.
             The game lasted 00:01:21 (1150 turns).

Kairos the Skirmisher (Mummy Fighter)               Turns: 1150, Time: 00:01:21

Health: -1/29      AC:  7    Str: 20    XL:     3   Next: 69%
Magic:  3/3        EV:  7    Int:  7    God:
Gold:   23         SH:  9    Dex: 14    Spells: 2/2 levels left

rFire    x . .     SeeInvis .   a - +0 flail
rCold    + . .     Gourm    .   c - +0 shield
rNeg     + + +     Faith    .   b - +0 scale mail
rPois    ∞         Spirit   .   (no helmet)
rElec    .         Reflect  .   (no cloak)
rCorr    .         Harm     .   g - +0 pair of gloves {Dex+3}
MR       .....                  (no boots)
Stlth    ..........             (no amulet)
HPRegen  0.09/turn              (no ring)
MPRegen  0.08/turn              (no ring)

@: no status effects
A: no food or potions, fire vulnerability, cold resistance 1, negative energy
resistance 3, torment resistance, unbreathing
a: no special abilities


You were on level 2 of the Dungeon.
You were not hungry.

You visited 1 branch of the dungeon, and saw 2 of its levels.

You collected 23 gold pieces.

Inventory:

Hand Weapons
 a - a +0 flail (weapon)
Armour
 b - a +0 scale mail (worn)
 c - a +0 shield (worn)
 g - a +0 pair of gloves of dexterity (worn)
Scrolls
 d - a scroll of immolation {unknown}
 e - 2 scrolls of enchant armour {unknown}
 f - a scroll of remove curse {unknown}
 h - a scroll of teleportation {unknown}
 i - a scroll of fog {unknown}


   Skills:
 + Level 3.3 Fighting
 + Level 2.2 Maces & Flails
 + Level 2.8 Armour
 + Level 0.4 Dodging
 + Level 2.7 Shields


You had 2 spell levels left.
You didn't know any spells.
Your spell library was empty.

Dungeon Overview and Level Annotations

Branches:
Dungeon (2/15)

Altars:

Annotations:
D:2 Sigmund


Innate Abilities, Weirdness & Mutations

You do not eat or drink.
Your flesh is vulnerable to fire.
You are immune to poison.
Your flesh is cold resistant. (rC+)
You are immune to negative energy. (rN+++)
You are immune to unholy pain and torment.
You can survive without breathing.


Message History

You are too injured to fight recklessly!
Sigmund closely misses you. Sigmund hits you but does no damage.
Things that are here:
a club; a hobgoblin corpse; a goblin corpse You barely miss Sigmund.
Sigmund is lightly wounded.
Sigmund casts a spell at you. The magic dart hits you!
A hobgoblin comes into view. It is wielding a club.
The hobgoblin shouts!
You hit Sigmund.
Sigmund is lightly wounded.
Sigmund hits you with a scythe!
* * * LOW HITPOINT WARNING * * *
The hobgoblin moves out of view.
You hit Sigmund.
Sigmund is moderately wounded.
Sigmund hits you with a scythe.
You die...

...P.♣...#### ..♣≈≈≈...
#.. ####### .♣≈≈≈.≈P. #.#
#..>... ..≈≈.≈g.. #.#
#...... ..≈≈≈≈.≈♣##.#
#...... ..≈≈≈≈≈..##!#
######...... ..≈.≈≈P≈.##.#
#...........
#.≈≈≈≈≈≈♣##.###.####......
#♣≈≈♣≈.≈@@....#.# #......
#≈P≈≈.≈†##.#.#)## #......
#..PP≈...........###.#####
##...............#........
###.............#....>...
#..........#[##........
#..........#.##........
#..........#.##<.......
##.########.##........


You could see Sigmund.

Vanquished Creatures
  An adder (D:2)
  A worm (D:2)
  A dart slug (D:1)
  A leopard gecko (D:1)
  3 bats
  A giant cockroach (D:1)
  6 goblins
  6 hobgoblins
  4 jackals (D:1)
  A quokka (D:2)
  A ball python (D:1)
  6 frilled lizards (D:1)
  2 kobolds
  4 rats
38 creatures vanquished.

Notes
Turn   | Place    | Note
-------+----------+-------------------------------------------
     0 | D:1      | Kairos the Mummy Fighter began the quest for the Orb.
     0 | D:1      | Reached XP level 1. HP: 18/18 MP: 1/1
   154 | D:1      | Reached XP level 2. HP: 14/24 MP: 2/2
   874 | D:1      | Reached XP level 3. HP: 29/29 MP: 3/3
  1136 | D:2      | Noticed Sigmund
  1150 | D:2      | Slain by Sigmund

Vault maps used:
D:1:      dpeg_arrival_triangle_fractal
D:2:      serial_bayou_lagoon_a, serial_bayou_pond_b, uniq_sigmund

Skill      XL: |  1  2  3 |
---------------+----------+-----
Maces & Flails | 2 |  2.2
Fighting       | |  3.3
Armour         | |  2.8
Dodging        | |  0.4
Shields        | |  2.7

Action                   || total
-------------------------++-------
Melee: Flail             ||   138
Armor: Scale mail        ||    89
Dodge: Dodged            ||    57
Block: Shield            ||    88

Table legend:
 A = Spawn XP
 B = Non-spawn XP
 C = Spawn XP percentage of total XP
 D = Spawn monster count
 E = Non-spawn monster count
 F = Spawn count percentage of total count
 G = Total turns spent on level
                    A         B        C        D         E        F      G
               +---------+---------+-------+---------+---------+-------+---------
         Total |       0 |      80 |   0.0 |       0 |      38 |   0.0 |  1150
               +---------+---------+-------+---------+---------+-------+---------
           D:1 |       0 |      45 |   0.0 |       0 |      27 |   0.0 |  1062
           D:2 |       0 |      35 |   0.0 |       0 |      11 |   0.0 |    88
               +---------+---------+-------+---------+---------+-------+---------
